 Dungeon Crawl Stone Soup version 0.30.0-29-ga12c61a403 (webtiles) character file.

Game seed: 2754480527950337479

537 DildoBatman the Sneak (level 7, -2/52 HPs)
             Began as a Formicid Conjurer on June 6, 2023.
             Was an Initiate of Kikubaaqudgha.
             Slain by a sleepcap (5 damage)
             ... on level 4 of the Dungeon.
             The game lasted 00:12:41 (5038 turns).

DildoBatman the Sneak (Formicid Conjurer)           Turns: 5038, Time: 00:12:42

Health: -2/52      AC:  2    Str: 17    XL:     7   Next: 50%
Magic:  3/12       EV: 12    Int: 20    God:    Kikubaaqudgha [......]
Gold:   228        SH:  0    Dex: 12    Spells: 10/13 levels left

rFire   . . .        a - +0 sling
rCold   . . .        (no shield)
rNeg    . . .        h - +0 robe
rPois   .            (helmet unavailable)
rElec   .            (no cloak)
rCorr   .            (no gloves)
SInv    +            (no boots)
Will    +....        (no amulet)
Stlth   +++          j - +6 ring of strength
HPRegen 0.28/turn    v - ring of willpower
MPRegen 0.13/turn

%: no passive effects
@: no status effects
A: permanent stasis, dig shafts and tunnels, antennae 3, four strong arms
a: Dig, Shaft Self, Renounce Religion


You were on level 4 of the Dungeon.
You worshipped Kikubaaqudgha.
Kikubaaqudgha was noncommittal.
You visited 2 branches of the dungeon, and saw 7 of its levels.

You collected 250 gold pieces.
You spent 22 gold pieces at shops.

Inventory:

Hand Weapons
 a - a +0 sling (weapon)
 b - a +2 vampiric short sword
Missiles
 i - 5 boomerangs
 u - a throwing net
Armour
 h - a +0 robe (worn)
 r - the +0 ring mail of the Dragon {rPois Regen+}
   (You found it on level 3 of the Dungeon)

   rPois:     It protects you from poison.
   Regen:     It increases your rate of health regeneration.
Jewellery
 j - a +6 ring of strength (left hand)
 v - a ring of willpower (right hand)
 x - a ring of flight
Wands
 w - a wand of quicksilver (5)
Scrolls
 c - a scroll of amnesia
 d - a scroll of immolation
 f - a scroll of noise {unknown}
 g - a scroll of enchant armour
 y - a scroll of butterflies {unknown}
 z - 6 scrolls of identify
Potions
 e - 2 potions of berserk rage {unknown}
 k - 4 potions of heal wounds {unknown}
 l - a potion of ambrosia {unknown}
 m - a potion of haste {unknown}
 n - 3 potions of invisibility {unknown}
 o - a potion of magic
 p - 3 potions of attraction {unknown}
 q - a potion of lignification {unknown}
 s - a potion of flight {unknown}
 t - a potion of mutation {unknown}


   Skills:
 * Level 3.1 Fighting
 * Level 3.1 Armour
 - Level 3.0 Dodging
 * Level 4.7 Stealth
 * Level 3.7 Spellcasting
 * Level 4.6 Conjurations


You had 10 spell levels left.
You knew the following spells:

 Your Spells              Type           Power      Damage    Failure   Level
a - Searing Ray           Conj           44%        2d6       3%          2
c - Magic Dart            Conj           88%        1d7       1%          1

Your spell library contained the following spells:

 Spells                   Type           Power      Damage    Failure   Level
 Shock                    Conj/Air       48%        1d6       5%          1
 Freeze                   Ice            12%        1d3       13%         1
 Dazzling Flash           Conj/Hex       24%        N/A       16%         3
 Hailstorm                Conj/Ice       12%        3d5       16%         3
 Call Canine Familiar     Summ           3%         N/A       36%         3
 Frozen Ramparts          Ice            6%         1d1       36%         3
 Volatile Blastmotes      Fire/Tloc      6%         2d10      36%         3
 Fulminant Prism          Conj/Hex       6%         3d7       45%         4
 Iskenderun's Mystic Bla  Conj/Tloc      12%        2d5       45%         4
 Manifold Assault         Tloc           3%         N/A       78%         4
 Fireball                 Conj/Fire      6%         3d5       82%         5
 Starburst                Conj/Fire      6%         6d4       100%        6
 Storm Form               Tmut/Air       1%         N/A       100%        7
 Fire Storm               Conj/Fire      6%         8d2       100%        9
 Blink                    Tloc           Unusable   N/A       N/A         2

Dungeon Overview and Level Annotations

Branches:
Dungeon (6/15)             Temple (1/1) D:4

Altars:
Elyvilon
Fedhas
Kikubaaqudgha
Makhleb
Nemelex Xobeh
Okawaru
Ru
Trog
Uskayaw
Yredelemnul
Zin

Shops:
D:1 :[[   D:3 ?   D:6 *

Annotations:
D:3 exclusion: oklob plant
D:5 Dowan, Duvessa, Pikel, Sigmund


Innate Abilities, Weirdness & Mutations

You cannot be hasted, slowed, berserked, paralysed or teleported.
You can dig through walls and to a lower floor.
You have a pair of large antennae on your head. (SInv)
Your four strong arms can wield two-handed weapons with a shield.


Message History

Aim: a gnoll, wielding a +0 halberd (heavily wounded, covering ground quickly, 81% to hit)
The searing ray hits the gnoll.
The gnoll is almost dead.
The searing ray hits the gnoll.
You kill the gnoll!
Kikubaaqudgha accepts your kill.
The searing ray hits the gnoll.
The gnoll is moderately wounded. (Press . to maintain the ray.)
The gnoll hits you from afar with a +0 halberd!
The searing ray hits the gnoll.
You kill the gnoll!
Kikubaaqudgha accepts your kill.
The searing ray misses the gnoll bouda.
The searing ray hits the gnoll!
The gnoll is almost dead.
The searing ray hits the gnoll bouda but does no damage.
The searing ray hits the gnoll!
You kill the gnoll!
Kikubaaqudgha accepts your kill.
The searing ray hits the gnoll bouda!
The gnoll bouda is moderately wounded.
You finish channelling your searing ray.
The gnoll bouda hits you with a +0 club.
You tear a large gash into the net.
The gnoll bouda hits you with a +0 club.
You struggle against the net.
The gnoll bouda hits you with a +0 club!
You shred the net and break free! The sleepcap barely misses you.
The gnoll bouda hits you with a +0 club.
Okay, then.
Are you sure you want to shaft yourself?
The sleepcap closely misses you.
The gnoll bouda hits you with a +0 club.
You begin to dig a shaft.
You continue digging a shaft.
The sleepcap releases spores at you.
You die...
Kikubaaqudgha rasps: "You have failed me!
Welcome... death!"

.# # #.# #.# ..
... ..####.####.#
...
#...........#.
...
..#####.####.#
#.# #.####.#
#.### #......#
#... #.######
##f####)#.. #.#
## #######
##..@g))....
..#####. ......#
###...####....
........
#####<#####.....#
. {######.
#...........# {
#.
#######...#.....
#. ########## #.
##


You could see a sleepcap and a gnoll bouda.

Vanquished Creatures
  3 scorpions
  2 hounds
  An orc priest (D:6)
  2 orc wizards (D:6)
  Robin (D:2)
  5 gnolls (D:4)
  5 adders
  A shadow imp (D:6)
  2 worms
  4 dart slugs
  13 orcs
  5 bats
  5 endoplasms
  3 giant cockroaches
  8 goblins
  7 hobgoblins
  10 jackals
  A quokka (D:2)
  3 ball pythons
  4 frilled lizards
  6 kobolds
  6 rats
97 creatures vanquished.

Vanquished Creatures (others)
  A quokka (D:6)
1 creature vanquished.

Grand Total: 98 creatures vanquished

Notes
Turn   | Place    | Note
-------+----------+-------------------------------------------
     0 | D:1      | DildoBatman the Formicid Conjurer began the quest for the
                  | Orb.
     0 | D:1      | Reached XP level 1. HP: 13/13 MP: 3/3
   256 | D:1      | Reached XP level 2. HP: 20/20 MP: 0/5
   259 | D:1      | Learned a level 2 spell: Searing Ray
   593 | D:1      | Reached XP level 3. HP: 25/25 MP: 1/6
   654 | D:1      | Reached skill level 1 in Fighting
   654 | D:1      | Reached skill level 1 in Armour
   773 | D:1      | Found Usunnucsel's Book Boutique.
   875 | D:1      | Found Orac's Armour Boutique.
   937 | D:1      | Found Wiriacug's Armour Boutique.
  1042 | D:2      | Reached XP level 4. HP: 17/32 MP: 1/7
  1395 | D:2      | Got the Incunable of the Hurtful Band
  1419 | D:2      | Found a faded altar of an unknown god.
  1689 | D:2      | Reached XP level 5. HP: 37/37 MP: 5/9
  2037 | D:3      | Identified the +0 ring mail of the Dragon {rPois Regen+}
  2345 | D:3      | Found a blossoming altar of Fedhas.
  2365 | D:3      | Noticed an oklob plant
  2883 | D:3      | Found Xanycuth's Magic Scroll Shop.
  2893 | D:3      | Bought a scroll of identify for 22 gold pieces
  3242 | D:4      | Noticed an ogre
  3245 | D:4      | You fall into a shaft and drop 2 floors!
  3362 | D:6      | Reached XP level 6. HP: 32/44 MP: 5/10
  3508 | D:5      | Entered Level 5 of the Dungeon
  3509 | D:5      | Noticed Sigmund
  3526 | D:6      | Found a white marble altar of Elyvilon.
  3545 | D:6      | Found a burning altar of Makhleb.
  3613 | D:5      | Noticed Duvessa
  3615 | D:5      | Noticed Dowan
  3903 | D:6      | Found Zin's Purification Station.
  3906 | D:6      | Found a glowing silver altar of Zin.
  4393 | D:5      | Noticed Pikel
  4413 | D:4      | Reached XP level 7. HP: 37/51 MP: 3/12
  4661 | D:4      | Found a staircase to the Ecumenical Temple.
  4671 | Temple   | Entered the Ecumenical Temple
  4862 | Temple   | Became a worshipper of Kikubaaqudgha
  4926 | D:2      | Noticed Robin
  4936 | D:2      | Killed Robin
  5038 | D:4      | Slain by a sleepcap

Illustrated notes

Levels and vault maps discovered:
D:1:      minmay_arrival_cross, layout_basic, serial_shops, shop,
          nicolae_shop_waterfront, nicolae_shop_hallway_plus
D:2:      layout_basic, hellmonk_ecumenical_altar_heavens_door, uniq_robin
D:3:      layout_basic, tgw_fedhas, serial_shops, nicolae_shop_hallway_plus,
          feat_on_display
D:4:      layout_loops_ring, lemuel_blue_sif_altar, marbit_many_paths,
          nicolae_overflow_crystal_walls, temple_green, hellmonk_no_cap
D:5:      layout_rooms, mainiacjoe_overflow_catwalk, vehumet_altar_wand_db,
          cheibrodos_ashenzari_chains, uniq_duvessa, uniq_pikel, uniq_sigmund,
          uniq_crazy_yiuf_cottage
D:6:      layout_basic, elyvilon_altar_4, zin_purify, mainiacjoe_overflow_paths,
          minivault_5
Temple:   nicolae_temple_bog_church

Skill      XL: |  1  2  3  4  5  6  7 |
---------------+----------------------+-----
Dodging        | 2 3 |  3.0
Fighting       | 1 2 3 |  3.1
Armour         | 1 2 3 |  3.1
Stealth        | 3 4 |  4.7
Conjurations   | 4 |  4.6
Spellcasting   | 3 |  3.7

Action                     |  1- 3 |  4- 6 |  7- 9 || total
---------------------------+-------+-------+-------++-------
  Melee: Unarmed           |     7 |       |       ||     7
         Dagger            |    23 |       |       ||    23
         Short sword       |    16 |   158 |       ||   174
   Fire: Sling             |       |    69 |    17 ||    86
   Cast: Magic Dart        |    29 |     6 |       ||    35
         Searing Ray       |     9 |    36 |     6 ||    51
Ability: Shaft Self        |       |     1 |     1 ||     2
    Use: Scroll            |       |     4 |       ||     4
 Armour: Robe              |    18 |     5 |     1 ||    24
  Dodge: Dodged            |    34 |    26 |     4 ||    64
